 Dungeon Crawl Stone Soup version 0.22.0 (webtiles) character file.

109995 Gorglomux the Severer (level 16, 0/151 HPs)
             Began as a Minotaur Fighter on Aug 10, 2018.
             Was the Champion of Okawaru.
             Engulfed by a cloud of poison gas (12 damage)
             ... on level 4 of the Swamp.
             The game lasted 00:17:56 (19465 turns).

Gorglomux the Severer (Minotaur Fighter)           Turns: 19465, Time: 00:17:57

Health: 0/151      AC: 24    Str: 31    XL:     16   Next: 6%
Magic:  21/22      EV: 10    Int:  8    God:    Okawaru [******]
Gold:   1588       SH: 15    Dex: 10    Spells: 15/15 levels left

rFire    + + .     SeeInvis .   a - +9 broad axe (flame)
rCold    + . .     Gourm    .   q - +0 shield of the Hare {god gift, rF+}
rNeg     + . .     Faith    .   C - +5 scale mail of the Orb Guardian {Slay+3}
rPois    .         Spirit   .   Z - +2 hat {Int+3}
rElec    .         Reflect  .   W - scarf {rC+ rF+}
rCorr    .         Harm     .   G - +0 pair of gloves {Str+3} {god gift}
MR       +....                  u - +2 pair of boots
Stlth    ..........             r - amulet of regeneration
HPRegen  0.75/turn              X - +2 ring of protection (curse)
MPRegen  0.18/turn              U - ring of positive energy

@: lethally poisoned (0 -> -2), finesse, flying, very slightly contaminated,
slowed, very slow
A: retaliatory headbutt, horns 2
a: Heroism, Finesse, Renounce Religion


You were on level 4 of the Swamp.
You worshipped Okawaru.
Okawaru was exalted by your worship.
You were hungry.

You visited 4 branches of the dungeon, and saw 26 of its levels.
You also visited: Sewer.

You collected 1820 gold pieces.
You spent 232 gold pieces at shops.

Inventory:

Hand Weapons
 a - a +9 broad axe of flaming (weapon)
 l - the +8 mithril axe "Arga" {god gift, speed, MR+}
   (Okawaru gifted it to you on level 2 of the Swamp)

   Attacks with this weapon are significantly faster.
   It affects your resistance to hostile enchantments.
Armour
 q - the +0 shield of the Hare (worn) {god gift, rF+}
   (Okawaru gifted it to you on level 14 of the Dungeon)

   It protects you from fire.
 u - a +2 pair of boots (worn)
 C - the +5 scale mail of the Orb Guardian (worn) {Slay+3}
   (You found it on level 6 of the Dungeon)

   It affects your accuracy and damage with ranged weapons and melee attacks
   (+3).
 G - a +0 pair of gloves of strength (worn) {god gift}
 W - a scarf of resistance (worn)
 Z - a +2 hat of intelligence (worn)
Jewellery
 g - an uncursed ring of resist corrosion
 r - an amulet of regeneration (around neck)
 U - a ring of positive energy (right hand)
 X - a cursed +2 ring of protection (left hand)
Wands
 A - a wand of acid (29)
 D - a wand of digging (26)
 I - a wand of iceblast (9)
 O - a wand of clouds (7)
 P - a wand of paralysis (9)
 S - a wand of scattershot (7)
Scrolls
 i - 8 scrolls of remove curse
 j - a scroll of fog
 k - 2 scrolls of enchant weapon
 p - 4 scrolls of immolation
 v - a scroll of vulnerability
 x - 3 scrolls of enchant armour
 B - a scroll of blinking
 K - a scroll of silence
 L - 2 scrolls of fear
 M - 4 scrolls of magic mapping
 N - a scroll of summoning
 R - a scroll of identify
 T - 13 scrolls of teleportation
Potions
 d - 6 potions of might
 m - 6 potions of mutation {!q}
 n - 3 potions of agility
 o - 6 potions of degeneration
 s - 8 potions of heal wounds
 t - 2 potions of resistance
 w - 4 potions of haste
 z - 2 potions of cancellation
 E - 2 potions of invisibility
 F - 3 potions of flight
 H - a potion of ambrosia
 J - 4 potions of lignification
 Q - 7 potions of curing
Miscellaneous
 y - a lightning rod (4/4)
 V - a phantom mirror
 Y - a lamp of fire
Comestibles
 f - 32 rations


   Skills:
 - Level 15.9 Fighting
 + Level 16.8 Axes
 - Level 15.8 Armour
 - Level 15.9 Shields
 - Level 10.0 Invocations


You had 15 spell levels left.
You didn't know any spells.
Your spell library contained the following spells:

 Spells                   Type           Power        Failure   Level  Hunger
 Cause Fear               Hex            #.........   100%        4    #####..
 Apportation              Tloc           #.....       56%         1    ##.....
 Conjure Flame            Conj/Fire      #.......     91%         3    ####...
 Slow                     Hex            #.......     71%         2    ###....
 Freezing Cloud           Conj/Ice/Air   #.........   100%        6    #######
 Mephitic Cloud           Conj/Pois/Air  #.......     91%         3    ####...
 Ring of Flames           Chrm/Fire      #.........   100%        7    #######
 Summon Small Mammal      Summ           #...         56%         1    ##.....
 Animate Dead             Necr           N/A          100%        4    #####..
 Animate Skeleton         Necr           N/A          56%         1    ##.....
 Recall                   Summ/Tloc      N/A          91%         3    ####...
 Death Channel            Necr           #.........   100%        6    #######
 Confusing Touch          Hex            #.....       56%         1    ##.....
 Corona                   Hex            #......      56%         1    ##.....
 Simulacrum               Ice/Necr       #.........   100%        6    #######
 Portal Projectile        Hex/Tloc       #.....       91%         3    ####...
 Leda's Liquefaction      Hex/Erth       #.........   100%        4    #####..
 Inner Flame              Hex/Fire       #.......     91%         3    ####...
 Poisonous Vapours        Pois/Air       #.....       71%         2    ###....
 Borgnjor's Vile Clutch   Necr/Erth      #.........   100%        5    ######.


Dungeon Overview and Level Annotations

Branches:
Dungeon (15/15)            Temple (1/1) D:4            Lair (6/6) D:10
  Swamp (4/4) Lair:3       Spider (0/4) Lair:4        Slime (0/5) Lair:6
 Vaults (0/5) D:14         Depths (0/5) D:15
    Orc: D:9-12

Altars:
Ashenzari
Cheibriados
Dithmenos
Elyvilon
Fedhas
Gozag
Hepliaklqana
Kikubaaqudgha
Makhleb
Nemelex Xobeh
Okawaru
Qazlal
Ru
Sif Muna
Trog
Uskayaw
Vehumet
Wu Jian
Xom
Yredelemnul
Zin
The Shining One

Shops:
D:7 *   D:11 !   D:14 =

Annotations:
D:10 3 runed doors, Lilu's ghost, novice DECj
Lair:3 exclusion: oklob plant
Lair:6 exclusion: 2 oklob plants


Innate Abilities, Weirdness & Mutations

You reflexively headbutt those who attack you in melee.
You have a pair of horns on your head.


Message History

The eight-headed hydra bites you butt does no damage!
The eight-headed hydra butts you! * * * don't die
* * * The eight-headed hydra bites you! * * * don't die
* * * The eight-headed hydra barely misses butt!
The eight-headed hydra bites you but does no damage!
Unknown command!
Blink to where?
Press: ? - help, Dir - move target cursor Really blink into that cloud of butt gas?
Okay, then!
Blink to where?
Press: ? - help, Dir - move target cursor Really butt into that cloud of poison gas?
You are very lightly contaminated with residual magic!
As you read the scroll of blinking, it crumbles to dust!
You are engulfed in poison butts!
You are poisoned! rip

..#..8≈. ..#...#
8. #≈.8Dn §≈
..P#≈..p# ♣♣♣.♣
(P.≈..kD# #♣..≈♣
....≈§§§# #.≈≈.
..)(.§#F## ##≈.♣
≈....≈§†§#####≈≈♣
p≈.♣♣♣♣♣♣@≈≈≈≈≈.♣
≈≈ ♣♣♣...≈.♣ .
♣♣♣♣♣♣♣..♣♣
♣♣....<♣♣≈.♣
♣.≈≈≈≈≈.♣..♣
≈≈§≈≈≈≈≈≈≈≈♣♣♣
≈≈≈≈≈≈≈≈...♣♣♣♣
≈≈§≈≈≈≈≈<≈..♣≈♣
≈≈≈)≈≈≈.♣.§≈≈♣♣♣


You could see a spiny frog and a swamp drake.

Vanquished Creatures
  2 thorn hunters
  Kirke (Swamp:4)
  Gastronok (Lair:1)
  A fire giant (D:15)
  An orc warlord (D:12)
  Nessos (D:15)
  Snorg (D:13)
  Erolcha (D:9)
  A rakshasa (D:12)
  19 hydras
  4 vault guards (D:14)
  A catoblepas (Lair:6)
  A centaur warrior (D:13)
  A death knight (D:14)
  5 two-headed ogres
  2 tengu warriors (D:13)
  5 death yaks (Lair:4)
  4 alligators
  A deep troll earth mage (D:12)
  An unseen horror (shapeshifter) (D:14)
  A spriggan druid (Swamp:3)
  A wizard (D:15)
  6 swamp dragons
  An orc knight (D:12)
  2 shambling mangroves
  2 wolf spider zombies
  Pikel (D:4)
  A deep elf mage (D:14)
  2 wolf spiders
  3 manticores
  3 cyclopes
  8 ugly things
  4 slime creatures (Swamp:2)
  An oklob plant (Lair:2)
  5 elephants (Lair:5)
  An orc sorcerer (D:12)
  9 black mambas
  Joseph (D:9)
  A spiny frog (shapeshifter) (D:15)
  17 spiny frogs
  2 gargoyles
  3 komodo dragons
  3 kobold demonologists
  2 efreet
  2 yaktaurs (shapeshifter)
  3 freezing wraiths
  A meliai (shapeshifter) (D:12)
  2 trolls
  4 tyrant leeches
  10 hornets
  13 bog bodies
  16 blink frogs
  15 hippogriffs
  6 dream sheep (Lair:5)
  6 redbacks
  Sigmund (D:3)
  2 wraiths
  19 wyverns
  A vampire (D:12)
  30 yaks
  4 basilisks
  A steam dragon (Lair:4)
  17 vampire mosquitoes
  2 wargs
  15 swamp worms
  A soldier ant (D:14)
  An acid dragon (D:15)
  11 insubstantial wisps (Swamp:2)
  13 water moccasins
  6 porcupines
  Duvessa (D:6)
  A hell hound (Lair:6)
  8 orc warriors
  An eye of draining (D:12)
  8 swamp drakes
  2 sky beasts
  3 black bears
  A necrophage (D:10)
  2 ice beasts
  3 ogres
  2 phantoms
  3 wolves (Lair:6)
  19 centaurs
  19 crocodiles
  10 bullfrogs
  6 big kobolds
  Dowan (D:6)
  2 wyvern skeletons
  2 scorpions
  10 killer bees
  An electric eel (Lair:1)
  7 wights
  9 howler monkeys
  4 crimson imps
  A lava snake (D:7)
  4 centaur zombies
  9 hounds
  2 jellies
  4 orc wizards
  4 bullfrog skeletons
  2 centaur skeletons
  2 orc priests
  Ijyb (D:3)
  6 iguanas
  Natasha (thrice) (D:4)
  9 worker ants
  2 hound zombies
  A howler monkey zombie (D:5)
  2 worker ant zombies
  16 adders
  A howler monkey skeleton (D:7)
  An adder skeleton (D:9)
  A dart slug (D:1)
  8 leopard geckos
  43 orcs
  9 bats
  9 giant cockroaches
  7 goblins
  4 hobgoblins
  11 jackals
  30 kobolds
  3 quokkas
  2 ball pythons
  3 frilled lizards
  A jackal skeleton (D:8)
  A jackal zombie (D:8)
  2 leopard gecko skeletons
  A quokka skeleton (D:4)
  9 rats
  A briar patch (Swamp:3)
  A fungus (Lair:6)
  9 plants
686 creatures vanquished.

Vanquished Creatures (collateral kills)
  A hydra (Lair:1)
  The ghost of biddum the Arsonist, a journeyman DrFE of Sif Muna (Lair:1)
2 creatures vanquished.

Vanquished Creatures (others)
  2 humans (Swamp:4)
  An adder (D:4)
  13 fungi
  23 plants
39 creatures vanquished.

Grand Total: 727 creatures vanquished

Notes
Turn   | Place    | Note
-------+----------+-------------------------------------------
     0 | D:1      | Gorglomux the Minotaur Fighter began the quest for the Orb.
     0 | D:1      | Reached XP level 1. HP: 19/19 MP: 0/0
    91 | D:1      | Reached XP level 2. HP: 26/27 MP: 1/1
   390 | D:1      | Reached skill level 3 in Axes
   558 | D:2      | Reached XP level 3. HP: 33/33 MP: 2/2
  1104 | D:3      | Reached XP level 4. HP: 33/40 MP: 3/3
  1210 | D:3      | Noticed Sigmund
  1225 | D:3      | Killed Sigmund
  1225 | D:3      | Reached skill level 4 in Axes
  1225 | D:3      | Reached XP level 5. HP: 16/48 MP: 4/4
  1484 | D:3      | Noticed Ijyb
  1497 | D:3      | Killed Ijyb
  1531 | D:3      | Reached XP level 6. HP: 56/56 MP: 5/5
  1587 | D:4      | Noticed Natasha
  1604 | D:4      | Killed Natasha
  1631 | D:4      | Noticed a slave
  1632 | D:4      | Noticed a slave
  1632 | D:4      | Noticed a slave
  1635 | D:4      | Noticed Pikel
  1640 | D:4      | Noticed a slave
  1658 | D:4      | Killed Pikel
  1658 | D:4      | Reached skill level 6 in Fighting
  1658 | D:4      | Reached skill level 5 in Axes
  1658 | D:4      | Reached skill level 6 in Armour
  1658 | D:4      | Reached skill level 6 in Shields
  1658 | D:4      | Reached XP level 7. HP: 42/63 MP: 6/6
  2171 | D:4      | Noticed Natasha
  2175 | D:4      | Killed Natasha
  2175 | D:4      | Reached skill level 6 in Axes
  2175 | D:4      | Reached XP level 8. HP: 71/71 MP: 7/7
  2228 | D:4      | Noticed Natasha
  2232 | D:4      | Killed Natasha
  2455 | D:4      | Found a staircase to the Ecumenical Temple.
  2464 | Temple   | Entered the Ecumenical Temple
  2664 | Temple   | Became a worshipper of Warmaster Okawaru
  2715 | D:5      | Entered Level 5 of the Dungeon
  2731 | D:5      | Got a coiled silver ring
  3282 | D:6      | Got a blackened scale mail
  3293 | D:6      | Identified the +5 scale mail of the Orb Guardian {Slay+3} (You found it on level 6 of the Dungeon)
  3300 | D:6      | Got a pitted copper ring
  3301 | D:6      | Identified the ring "Nounniu" {rN++ Stlth-} (You found it on level 6 of the Dungeon)
  3319 | D:6      | Noticed Duvessa
  3319 | D:6      | Noticed Dowan
  3325 | D:6      | Killed Duvessa
  3325 | D:6      | Reached skill level 1 in Invocations
  3331 | D:6      | Killed Dowan
  3371 | D:6      | Found a glowing drain.
  3385 | Sewer    | Entered a sewer
  3479 | Sewer    | Found a white marble altar of Elyvilon.
  3763 | D:6      | Identified the cursed ring "Qyciuc" {Str-3 SInv} (You found it on level 5 of the Dungeon)
  3852 | D:7      | Noticed a hippogriff
  3857 | D:7      | Killed a hippogriff
  3857 | D:7      | Reached * piety under Okawaru
  3857 | D:7      | Reached skill level 7 in Axes
  3872 | D:7      | Found Heaskani's Assorted Antiques.
  3892 | D:7      | Bought a fuming pink potion for 22 gold pieces
  3892 | D:7      | Bought a scroll of teleportation for 75 gold pieces
  4012 | D:7      | Reached XP level 9. HP: 80/80 MP: 10/10
  4027 | D:7      | Reached skill level 3 in Invocations
  4348 | D:7      | Found a basalt altar of Yredelemnul.
  4777 | D:8      | Reached skill level 8 in Axes
  4821 | D:8      | Found a hazy altar of Hepliaklqana.
  4841 | D:8      | Reached ** piety under Okawaru
  4900 | D:8      | Found an opulent altar of Gozag.
  5070 | D:9      | Reached skill level 9 in Shields
  5112 | D:9      | Noticed Erolcha
  5115 | D:9      | Noticed Joseph
  5120 | D:9      | Killed Erolcha
  5120 | D:9      | Reached skill level 9 in Fighting
  5120 | D:9      | Reached skill level 9 in Armour
  5120 | D:9      | Reached XP level 10. HP: 91/91 MP: 11/11
  5123 | D:9      | Reached skill level 9 in Axes
  5133 | D:9      | Killed Joseph
  5133 | D:9      | Reached *** piety under Okawaru
  5552 | D:10     | Entered Level 10 of the Dungeon
  5617 | D:10     | Found a runed gate.
  5617 | D:10     | Found a runed gate.
  5617 | D:10     | Found a runed gate.
  5625 | D:10     | Noticed Lilu's ghost (novice DECj)
  5711 | D:10     | Reached **** piety under Okawaru
  5728 | D:10     | Reached skill level 10 in Axes
  5983 | D:10     | Found a staircase to the Lair.
  6025 | D:10     | Reached XP level 11. HP: 96/101 MP: 12/12
  6432 | D:11     | Noticed a two-headed ogre
  6440 | D:11     | Killed a two-headed ogre
  6440 | D:11     | Reached ***** piety under Okawaru
  6541 | D:11     | Noticed a two-headed ogre
  6571 | D:11     | Killed a two-headed ogre
  6992 | D:11     | Found Loacki's Distillery.
  7004 | D:11     | Bought a potion of mutation for 120 gold pieces
  7004 | D:11     | Bought a potion of degeneration for 15 gold pieces
  7368 | D:11     | Reached skill level 11 in Axes
  7412 | D:11     | Received a gift from Okawaru
  7608 | D:12     | Noticed a two-headed ogre
  7615 | D:12     | Killed a two-headed ogre
  7696 | Lair:1   | Entered Level 1 of the Lair of Beasts
  7706 | Lair:1   | Found a runed gate.
  7707 | Lair:1   | Found a runed gate.
  7715 | Lair:1   | Found a runed gate.
  8085 | Lair:1   | Noticed biddum's ghost (journeyman DrFE)
  8085 | Lair:1   | Noticed an 11-headed hydra
  8137 | Lair:1   | Noticed Gastronok
  8176 | Lair:1   | Killed Gastronok
  8518 | Lair:1   | Killed a 13-headed hydra
  8518 | Lair:1   | Reached XP level 12. HP: 69/111 MP: 15/15
  8524 | Lair:1   | Killed biddum's ghost
  8712 | Lair:1   | Received a gift from Okawaru
  9164 | Lair:2   | Noticed a four-headed hydra
  9173 | Lair:2   | Killed a one-headed hydra
  9173 | Lair:2   | Reached skill level 12 in Fighting
  9173 | Lair:2   | Reached skill level 12 in Shields
  9173 | Lair:2   | Reached skill level 6 in Invocations
  9237 | Lair:2   | Reached skill level 12 in Armour
  9340 | Lair:2   | Reached skill level 12 in Axes
  9454 | Lair:2   | Noticed a five-headed hydra
  9462 | Lair:2   | Killed a one-headed hydra
 10011 | Lair:3   | Received a gift from Okawaru
 10013 | Lair:3   | Noticed a four-headed hydra
 10024 | Lair:3   | Killed a one-headed hydra
 10191 | Lair:3   | Noticed a four-headed hydra
 10200 | Lair:3   | Killed a one-headed hydra
 10412 | Lair:3   | Found a staircase to the Swamp.
 10864 | Lair:4   | Reached ****** piety under Okawaru
 10891 | Lair:4   | Noticed a death yak
 10892 | Lair:4   | Noticed a death yak
 10893 | Lair:4   | Noticed a death yak
 10893 | Lair:4   | Noticed a death yak
 10894 | Lair:4   | Noticed a death yak
 10898 | Lair:4   | Reached XP level 13. HP: 111/119 MP: 9/17
 10909 | Lair:4   | Received a gift from Okawaru
 11271 | Lair:4   | Found a hole to the Spider Nest.
 11573 | Lair:4   | Identified a scroll of acquirement
 11659 | Lair:5   | Reached skill level 13 in Axes
 11665 | Lair:5   | HP: 2/122 [six-headed hydra (6)]
 12682 | Lair:6   | Entered Level 6 of the Lair of Beasts
 12724 | Lair:6   | Found a staircase to the Slime Pits.
 12895 | Lair:6   | Received a gift from Okawaru
 13510 | Lair:6   | Reached XP level 14. HP: 130/130 MP: 19/19
 13550 | Lair:6   | Reached skill level 9 in Invocations
 14413 | D:12     | Reached skill level 14 in Axes
 14417 | D:12     | Noticed an orc warlord
 14433 | D:12     | Killed an orc warlord
 14807 | D:12     | Received a gift from Okawaru
 15120 | D:13     | Noticed Snorg
 15134 | D:13     | Killed Snorg
 15245 | D:13     | Found a shadowy altar of Dithmenos.
 15420 | D:14     | Found Uruosmot's Jewellery Shop.
 15662 | D:14     | Found a gate to the Vaults.
 15669 | D:14     | Received a gift from Okawaru
 15823 | D:14     | Got a warped shield {god gift}
 15834 | D:14     | Identified the +0 shield of the Hare {god gift, rF+} (Okawaru gifted it to you on level 14 of the Dungeon)
 16098 | D:14     | Reached XP level 15. HP: 139/139 MP: 18/21
 16395 | D:15     | Entered Level 15 of the Dungeon
 16406 | D:15     | Found a staircase to the Depths.
 16407 | D:15     | Noticed a fire giant
 16420 | D:15     | Found a shattered altar of Ashenzari.
 16425 | D:15     | Reached skill level 15 in Fighting
 16425 | D:15     | Reached skill level 15 in Shields
 16469 | D:15     | Noticed Nessos
 16484 | D:15     | Killed Nessos
 16623 | D:15     | Reached skill level 15 in Armour
 16858 | D:15     | Killed a fire giant
 17672 | Swamp:1  | Entered Level 1 of the Swamp
 17681 | Swamp:1  | Reached skill level 15 in Axes
 17691 | Swamp:1  | Received a gift from Okawaru
 18780 | Swamp:2  | Noticed a thorn hunter
 18789 | Swamp:2  | Killed a thorn hunter
 18789 | Swamp:2  | Received a gift from Okawaru
 18790 | Swamp:2  | Found the +8 mithril axe "Arga" {god gift, speed, MR+}
 19219 | Swamp:3  | Noticed a thorn hunter
 19236 | Swamp:3  | Killed a thorn hunter
 19369 | Swamp:4  | Entered Level 4 of the Swamp
 19419 | Swamp:4  | Reached skill level 16 in Axes
 19423 | Swamp:4  | Noticed Kirke
 19452 | Swamp:4  | Killed Kirke
 19452 | Swamp:4  | Reached XP level 16. HP: 105/151 MP: 20/22
 19465 | Swamp:4  | Engulfed by a cloud of poison gas

Skill      XL: |  1  2  3  4  5  6  7  8  9 10 11 12 13 14 15 |
---------------+----------------------------------------------+-----
Shields        | 4 5 6 7 9 10 11 12 13 14 15 | 15.9
Axes           | 3 4 5 6 7 8 10 11 12 13 14 16 | 16.8
Armour         | 4 5 6 7 9 10 11 12 13 14 15 | 15.8
Fighting       | 4 5 6 7 9 10 11 12 13 14 15 | 15.9
Invocations    | 2 3 5 7 8 10 | 10.0

Action                   |  1- 3 |  4- 6 |  7- 9 | 10-12 | 13-15 | 16-18 || total
-------------------------+-------+-------+-------+-------+-------+-------++-------
Melee: War axe           |   115 |    84 |   264 |   320 |       |       ||   783
       Headbutt          |    19 |     8 |    56 |   130 |   161 |     3 ||   377
       Broad axe         |       |       |       |   154 |   842 |     9 ||  1005
       Scimitar          |       |       |       |    22 |     5 |       ||    27
Invok: Heroism           |       |       |     6 |    17 |    26 |       ||    49
       Finesse           |       |       |       |     1 |     5 |       ||     6
  Use: Scroll            |       |       |    11 |     6 |    20 |     1 ||    38
       Potion            |       |       |       |       |     1 |     1 ||     2
 Stab: Distracted        |       |     1 |       |     1 |       |       ||     2
       Sleeping          |       |       |       |       |     1 |       ||     1
  Eat: Chunk             |     1 |     2 |    11 |    16 |    20 |       ||    50
       Ration            |       |       |       |     1 |     2 |       ||     3
Armor: Scale mail        |    24 |       |    50 |   189 |   362 |    21 ||   646
       Chain mail        |    42 |    31 |    36 |       |       |       ||   109
Dodge: Dodged            |    40 |    22 |    88 |   189 |   267 |    16 ||   622
Block: Shield            |    77 |    40 |   153 |   371 |   630 |    18 ||  1289
       Rpst.: Scimitar   |       |       |       |     2 |       |       ||     2
